 Dungeon Crawl Stone Soup version 0.16-a0-783-gf476f6a (webtiles) character file.

686 Ratboiler the Spear-Bearer (level 7, -1/45 HPs)
             Began as an Octopode Skald on Sept 26, 2014.
             Was an Initiate of Gozag.
             Slain by an orc wizard
             ... wielding a +0 dagger
              (6 damage)
             ... on Level 5 of the Dungeon.
             The game lasted 00:16:02 (5331 turns).

Ratboiler the Spear-Bearer (Octopode Skald)         Turns: 5331, Time: 00:16:02

HP  -1/45        AC  1     Str 11      XL: 7   Next: 62%
MP   8/12        EV 12     Int 20      God: Gozag
Gold 228         SH  0     Dex 13      Spells:  3 memorised,  4 levels left

rFire  + . .     SeeInvis .     a - +0 trident
rCold  . . .     Clarity  .     (no shield)
rNeg   . . .     rCorr    .     (helmet restricted)
rPois  .         rRot     .     (no amulet)
rElec  .         Spirit   .     p - ring of protection from fire
SustAb .         Warding  .     (no ring)
rMut   .         Stasis   .     (no ring)
Gourm  .                        (no ring)
MR     .....                    (no ring)
                                (no ring)
                                (no ring)
                                (no ring)

@: confused, brilliant, flying, very slightly contaminated, not resistant to
hostile enchantments, unstealthy
A: almost no armour, amphibious, 8 rings, constrict 8, camouflage 1, gelatinous
body 1
a: Potion Petition, Call Merchant, Bribe Branch, Renounce Religion


You were on level 5 of the Dungeon.
You worshipped Gozag.
Gozag was noncommittal.
You were not hungry.

You visited 2 branches of the dungeon, and saw 6 of its levels.

You collected 347 gold pieces.
You paid 119 gold pieces to Gozag.

Inventory:

Hand weapons
 a - a +0 trident (weapon)
Missiles
 i - 21 poisoned needles
Comestibles
 d - 4 bread rations
 o - 6 fruits
Scrolls
 b - 12 scrolls of identify {unknown}
 f - a scroll of teleportation {unknown}
 h - 3 scrolls of remove curse {unknown}
 k - 2 scrolls of recharging {unknown}
 v - a scroll of random uselessness {unknown}
Jewellery
 p - a ring of protection from fire (left tentacle)
Potions
 e - a potion of lignification {unknown}
 g - a potion of brilliance
 j - a potion of haste {unknown}
 m - a potion of agility {unknown}
 q - a potion of flight
 s - a potion of resistance {unknown}
 t - a potion of magic {unknown}
 w - 2 potions of curing {unknown}
Books
 c - a book of Battle

   Spells                             Type                      Level
   *Infusion                          Charms                       1
   *Shroud of Golubria                Charms/Translocation         2
   Song of Slaying                    Charms                       2
   *Spectral Weapon                   Hexes/Charms                 3
   Regeneration                       Charms/Necromancy            3
 n - a book of Wizardry

   Spells                             Type                      Level
   Agony                              Necromancy                   5
   Force Lance                        Conjuration                  5
   Dispersal                          Translocation                6
   Haste                              Charms                       6
   Invisibility                       Hexes                        6
   Spellforged Servitor               Conjuration/Summoning        7


   Skills:
 - Level 2.0 Fighting
 + Level 8.2 Polearms
 - Level 1.5 Dodging
 - Level 2.0 Spellcasting
 - Level 1.4 Hexes
 - Level 3.0 Charms


You had 4 spell levels left.
You knew the following spells:

 Your Spells              Type           Power        Failure   Level  Hunger
a - Infusion              Chrm           ####..       1%          1    #......
b - Shroud of Golubria    Chrm/Tloc      ###.......   1%          2    ##.....
c - Spectral Weapon       Hex/Chrm       ###.....     2%          3    ###....


Dungeon Overview and Level Annotations

Branches:
Dungeon (5/15)             Temple (1/1) D:5

Altars:
Ashenzari
Cheibriados
Dithmenos
Elyvilon
Fedhas
Gozag
Kikubaaqudgha
Makhleb
Nemelex Xobeh
Okawaru
Qazlal
Ru
Sif Muna
Trog
Vehumet
Xom
Yredelemnul
Zin
The Shining One

Shops:
D:4 }   D:5 }

Annotations:
D:5 Eustachio


Innate Abilities, Weirdness & Mutations

You cannot wear most types of armour.
You are amphibious.
You can wear up to eight rings at the same time.
You can use your tentacles to constrict many enemies at once.
Your skin changes colour to match your surroundings (Stealth).
Your rubbery body absorbs attacks (AC +1).


Message History

Something hits you but does no damage. The orc hits you.
You hear some strange, mumbled words.
The puff of flame hits you! You resist.
* * * LOW HITPOINT WARNING * * *
The orc hits you.
* * * LOW HITPOINT WARNING * * *
You hear some strange, mumbled words.
The puff of flame hits you! You resist.
* * * LOW HITPOINT WARNING * * *
The orc barely misses you.
Drink which item? (? for menu, Esc to quit)
You feel clever all of a sudden.
It was a potion of brilliance.
Something hits you but does no damage. The orc hits you.
* * * LOW HITPOINT WARNING * * *
Drink which item? (? for menu, Esc to quit)
You feel very buoyant.
You fly up into the air.
It was a potion of flight.
Something hits you.
You die...
Your body crumbles into a pile of gold.

.# ..# ... '. ..# ....
#. ..# .....#... ..# ###
###.....##'#####'###
..###..........{.......#
....#..........o@(.....#
....#..................#
....'............>.....#
)...#..................#
....#..................#
+##'#.............#.#..#
......#'###'###'#..∩..##
......'..........##.###
......#..........##.#


You could see an orc and a friendly spectral trident.

Vanquished Creatures
  2 phantoms (D:4)
  An ogre (D:4)
  A centaur (D:5)
  An orc priest (D:5)
  2 orc wizards
  2 worker ants (D:4)
  Ijyb (D:2)
  Terence (D:2)
  8 adders
  An orc skeleton (D:5)
  2 worms (D:3)
  A giant gecko (D:5)
  An ooze (D:2)
  8 orcs
  5 ball pythons
  12 bats
  3 giant cockroaches
  15 goblins
  7 hobgoblins
  5 kobolds
  2 quokkas (D:2)
  6 giant newts
  An orc zombie (D:5)
  16 rats
  A rat skeleton (D:4)
105 creatures vanquished.

Vanquished Creatures (others)
  A spectral weapon (D:4)
  A hound (D:5)
2 creatures vanquished.

Grand Total: 107 creatures vanquished

Notes
Turn   | Place    | Note
--------------------------------------------------------------
     0 | D:1      | Ratboiler, the Octopode Skald, began the quest for the Orb.
     0 | D:1      | Reached XP level 1. HP: 14/14 MP: 3/3
   199 | D:1      | Reached XP level 2. HP: 19/19 MP: 4/4
   203 | D:1      | Learned a level 2 spell: Shroud of Golubria
   707 | D:1      | Reached XP level 3. HP: 24/24 MP: 6/6
   712 | D:1      | Learned a level 3 spell: Spectral Weapon
   932 | D:2      | Noticed Terence
  1392 | D:2      | Reached skill level 1 in Hexes
  1467 | D:2      | Noticed Ijyb
  1479 | D:2      | Killed Ijyb
  1479 | D:2      | Reached XP level 4. HP: 27/29 MP: 1/7
  1733 | D:2      | Reached skill level 4 in Polearms
  1907 | D:2      | HP: 1/29 [Terence/trident (5)]
  1910 | D:2      | Killed Terence
  2580 | D:3      | Reached XP level 5. HP: 32/34 MP: 6/9
  3066 | D:3      | Reached skill level 5 in Polearms
  3193 | D:4      | Noticed an ogre
  3205 | D:4      | Killed an ogre
  3205 | D:4      | Reached skill level 6 in Polearms
  3205 | D:4      | Reached XP level 6. HP: 13/39 MP: 6/10
  3412 | D:4      | Found Ewuutuun's Gadget Emporium.
  3510 | D:4      | Noticed a phantom
  3556 | D:4      | Killed a phantom
  3875 | D:4      | Noticed a phantom
  3888 | D:4      | Killed a phantom
  3888 | D:4      | Reached skill level 7 in Polearms
  3888 | D:4      | Reached XP level 7. HP: 34/45 MP: 1/12
  4024 | D:4      | Found a shattered altar of Ashenzari.
  4027 | D:4      | Found a burning altar of Makhleb.
  4027 | D:4      | Found a shadowy altar of Dithmenos.
  4027 | D:4      | Found a basalt altar of Yredelemnul.
  4028 | D:4      | Found a white marble altar of Elyvilon.
  4028 | D:4      | Found a glowing silver altar of Zin.
  4030 | D:4      | Found a snail-covered altar of Cheibriados.
  4031 | D:4      | Found an ancient bone altar of Kikubaaqudgha.
  4032 | D:4      | Found a stormy altar of Qazlal.
  4391 | D:5      | Entered Level 5 of the Dungeon
  4411 | D:5      | Found a staircase to the Ecumenical Temple.
  4421 | Temple   | Entered the Ecumenical Temple
  4544 | Temple   | Became a worshipper of Gozag Ym Sagoz the Greedy
  4810 | D:5      | Noticed Eustachio
  5009 | D:5      | Reached skill level 8 in Polearms
  5174 | D:5      | Found Isig's Gadget Shoppe.
  5331 | D:5      | Slain by an orc wizard

Action                   |  1- 3 |  4- 6 |  7- 9 || total
-------------------------+-------+-------+-------++-------
Melee: Spear             |    90 |    21 |       ||   111
       Trident           |       |   133 |    43 ||   176
 Cast: Infusion          |     6 |     8 |     2 ||    16
       Shroud of Golubri |     1 |       |       ||     1
       Spectral Weapon   |       |     9 |     6 ||    15
  Use: Potion            |       |     1 |     2 ||     3
 Stab: Sleeping          |     4 |     3 |     1 ||     8
       Distracted        |       |     1 |       ||     1
  Eat: Chunk             |     2 |     8 |     1 ||    11
       Pizza             |       |     1 |       ||     1
       Meat ration       |       |       |     1 ||     1
       Fruit             |       |       |     1 ||     1
       Beef jerky        |       |       |     1 ||     1
